 Dungeon Crawl Stone Soup version 0.21-a0-496-g696f58f (webtiles) character file.

72459 esteth the Thaumaturge (level 15, -3/130 HPs)
             Began as a Red Draconian Fire Elementalist on Nov 23, 2017.
             Was a High Priest of Vehumet.
             Shot with an arrow by a centaur warrior (26 damage)
             ... on level 15 of the Dungeon.
             The game lasted 01:38:31 (32419 turns).

esteth the Thaumaturge (DrFE)                      Turns: 32419, Time: 01:38:32

Health: -3/130     AC: 14    Str: 14    XL:     15   Next: 1%
Magic:  9/30       EV: 16    Int: 24    God:    Vehumet [*****.]
Gold:   1402       SH:  6    Dex: 14    Spells: 9/37 levels left

rFire    + + .     SeeInvis .   A - staff of conjuration
rCold    + . .     Gourm    +   y - +1 buckler of Beogh's Pride {rElec rPois rN+ Str+2}
rNeg     + . .     Faith    .   (armour unavailable)
rPois    +         Spirit   .   f - +2 hat
rElec    +         Reflect  .   (no cloak)
rCorr    .         Harm     .   P - +0 pair of gloves
MR       +....                  B - +1 pair of boots
Stlth    ++........             i - amulet of the gourmand
HPRegen  0.31/turn              x - +4 ring of intelligence
MPRegen  0.22/turn              Q - ring of protection from cold

@: no status effects
A: breathe fire, unfitting armour, agile 1, fire resistance 2, sense
surroundings 1, cold-blooded, AC +9
a: Breathe Fire, Renounce Religion


You were on level 15 of the Dungeon.
You worshipped Vehumet.
Vehumet was extremely pleased with you.
You were not hungry.

You visited 3 branches of the dungeon, and saw 22 of its levels.
You also visited: Sewer.

You collected 1591 gold pieces.
You spent 189 gold pieces at shops.

Inventory:

Hand Weapons
 u - the +5 hand axe "Wuoxkoys" {chop, rN+ Str+2}
   (You found it on level 6 of the Dungeon)

   It inflicts extra damage upon your enemies.
   It affects your strength (+2).
   It protects you from negative energy.
Armour
 f - a +2 hat (worn)
 y - the +1 buckler of Beogh's Pride (worn) {rElec rPois rN+ Str+2}
   (You took it off Harold on level 1 of the Lair of Beasts)

   It affects your strength (+2).
   It insulates you from electricity.
   It protects you from poison.
   It protects you from negative energy.
 B - a +1 pair of boots (worn)
 P - a +0 pair of gloves (worn)
Magical Staves
 z - an uncursed staff of fire
 A - an uncursed staff of conjuration (weapon)
Jewellery
 i - an amulet of the gourmand (around neck)
 x - a +4 ring of intelligence (left hand)
 H - an uncursed ring of fire
 J - an uncursed amulet of regeneration
 Q - a ring of protection from cold (right hand)
 T - an uncursed ring of positive energy
Wands
 d - a wand of digging (28)
 w - a wand of flame (83)
 G - a wand of acid (4)
 Y - a wand of disintegration (7)
Scrolls
 c - 3 scrolls of blinking {unknown}
 e - 2 scrolls of vulnerability {unknown}
 k - 7 scrolls of amnesia
 l - 13 scrolls of remove curse
 p - 4 scrolls of random uselessness {unknown}
 F - 3 scrolls of teleportation
 M - 11 scrolls of identify
 O - 4 scrolls of enchant weapon {unknown}
 S - a scroll of fog {unknown}
 V - a scroll of enchant armour
 X - a scroll of fear {unknown}
 Z - 3 scrolls of magic mapping
Potions
 m - 2 potions of brilliance {unknown}
 n - 3 potions of ambrosia {unknown}
 o - 2 potions of cancellation {unknown}
 q - a potion of resistance {unknown}
 r - 3 potions of degeneration {unknown}
 s - 3 potions of haste {unknown}
 C - a potion of berserk rage {unknown}
 D - 3 potions of flight {unknown}
 E - 2 potions of agility {unknown}
 U - 4 potions of lignification {unknown}
Books
 a - a book of Flames

   Spells                             Type                      Level
   a - Flame Tongue                   Conjuration/Fire             1
   b - Throw Flame                    Conjuration/Fire             2
   c - Conjure Flame                  Conjuration/Fire             3
   d - Inner Flame                    Hexes/Fire                   3
   e - Sticky Flame                   Conjuration/Fire             4
   f - Fireball                       Conjuration/Fire             5
 h - a book of Power

   Spells                             Type                      Level
   a - Iskenderun's Battlesphere      Conjuration/Charms           5
   b - Venom Bolt                     Conjuration/Poison           5
   c - Bolt of Magma                  Conjuration/Fire/Earth       5
   d - Iron Shot                      Conjuration/Earth            6
   e - Orb of Destruction             Conjuration                  7
   f - Spellforged Servitor           Conjuration/Summoning        7
 I - a book of Misfortune

   Spells                             Type                      Level
   a - Confusing Touch                Hexes                        1
   b - Confuse                        Hexes                        3
   c - Gell's Gravitas                Translocation                3
   d - Petrify                        Transmutation/Earth          4
   e - Metabolic Englaciation         Hexes/Ice                    5
   f - Yara's Violent Unravelling     Hexes/Transmutation          5
 L - a book of Frost

   Spells                             Type                      Level
   a - Freeze                         Ice                          1
   b - Throw Frost                    Conjuration/Ice              2
   c - Ozocubu's Armour               Charms/Ice                   3
   d - Throw Icicle                   Conjuration/Ice              4
   e - Summon Ice Beast               Ice/Summoning                4
 N - a book of Changes

   Spells                             Type                      Level
   a - Beastly Appendage              Transmutation                1
   b - Sticks to Snakes               Transmutation                2
   c - Spider Form                    Transmutation/Poison         3
   d - Ice Form                       Ice/Transmutation            4
   e - Blade Hands                    Transmutation                5
 W - a book of Cantrips

   Spells                             Type                      Level
   a - Confusing Touch                Hexes                        1
   b - Animate Skeleton               Necromancy                   1
   c - Summon Small Mammal            Summoning                    1
   d - Apportation                    Translocation                1
Comestibles
 b - 10 bread rations
 g - 11 meat rations
 t - 6 royal jellies
 v - 22 fruits


   Skills:
 - Level 11.4 Fighting
 - Level 7.0 Dodging
 - Level 1.7 Stealth
 - Level 4.0 Shields
 + Level 11.9 Spellcasting
 + Level 10.2 Conjurations
 - Level 10.5 Fire Magic
 - Level 6.8 Air Magic
 - Level 10.7 Earth Magic
 - Level 6.8 Poison Magic
 - Level 4.3 Evocations


You had 9 spell levels left.
You knew the following spells:

 Your Spells              Type           Power        Failure   Level  Hunger
a - Flame Tongue          Conj/Fire      #####        1%          1    None
b - Conjure Flame         Conj/Fire      #######.     1%          3    None
c - Sticky Flame          Conj/Fire      #######.     1%          4    None
d - Fireball              Conj/Fire      #######...   1%          5    ###....
e - Iron Shot             Conj/Erth      #######...   2%          6    #####..
f - Mephitic Cloud        Conj/Pois/Air  ######..     1%          3    None
g - Bolt of Fire          Conj/Fire      #######...   2%          6    #####..


Dungeon Overview and Level Annotations

Branches:
Dungeon (15/15)            Temple (1/1) D:5            Lair (6/6) D:11
  Swamp (0/4) Lair:2        Snake (0/4) Lair:3        Slime (0/5) Lair:6
    Orc (0/2) D:10         Vaults (0/5) D:13         Depths (0/5) D:15

Altars:
Ashenzari
Cheibriados
Dithmenos
Elyvilon
Fedhas
Gozag
Hepliaklqana
Kikubaaqudgha
Makhleb
Nemelex Xobeh
Okawaru
Qazlal
Ru
Sif Muna
Trog
Uskayaw
Vehumet
Wu Jian
Xom
Yredelemnul
Zin
The Shining One
Jiyva

Shops:
D:5 [(

Portals:
Trove: D:12 (show abyssal rune of Zot)

Annotations:
D:2 exclusion: downstairs
D:12 1 runed door, exclusion: 2 downstairs
D:13 exclusion: 2 downstairs
D:14 Louise
Lair:3 exclusion: downstairs


Innate Abilities, Weirdness & Mutations

You can breathe blasts of fire.
Your fiery red scales are hard. (AC +9)
You cannot fit into any form of body armour.
Your flesh is very heat resistant. (rF++)
You are cold-blooded and may be slowed by cold attacks.
You are agile. (Dex +2)
You passively map a small area around you.


Message History

The centaur warrior shoots an arrow.
The arrow completely misses you.
The centaur warrior shoots an arrow.
The arrow hits you.
* * * LOW HITPOINT WARNING * * *
You see here an arrow.
The centaur warrior shoots an arrow.
The arrow hits you!
* * * LOW HITPOINT WARNING * * *
You see here an arrow.
Casting: Conjure Flame
Confirm with . or Enter, or press ? or * to list all spells.
Aiming: Conjure Flame
Press: ? - help, Dir - move target cursor You feel a surge of power!
The fire ignites!
The centaur warrior is engulfed in blazing flames.
The centaur warrior shoots an arrow.
You block the arrow.
You see here an arrow.
The centaur warrior shoots an arrow.
The arrow hits you!
* * * LOW HITPOINT WARNING * * *
You see here an arrow.
You feel better.
The centaur warrior shoots an arrow.
The arrow hits you!!
You die...

#.........# #.#
..###...### #.#
**** #...# #.#
##.## #.# * *
#.# #.# * ##.##
#.# ##...## #.#
*##.....## #.#
,..........#
#@# .###......#
#(# ,
.......#.# #.#
*########.# #.#
#.# #.# #†# #.#
#)# #c#
#.#####.#####(#
......c..(((..#


You could see a centaur warrior.

Vanquished Creatures
  2 hydras
  Harold (Lair:1)
  2 yaktaur captains
  A great orb of eyes (D:13)
  Erica (D:9)
  6 centaur warriors
  An ogre mage (D:13)
  A death knight (D:14)
  9 two-headed ogres
  The ghost of Nattefrost the Skirmisher, a novice DrWz of Sif Muna (D:8)
  7 death yaks
  A flayed ghost (D:13)
  The ghost of Ontamu the Grappler, a novice DrMo (D:7)
  9 ugly things
  Pikel (D:7)
  A manticore (D:13)
  2 cyclopes
  A deep elf mage (D:13)
  3 elephants (Lair:5)
  5 black mambas
  An ice statue (Lair:6)
  Psyche (D:11)
  A gargoyle (D:14)
  A torpor snail (Lair:3)
  10 spiny frogs
  4 rime drakes
  3 kobold demonologists (D:14)
  8 komodo dragons
  3 yaktaurs
  A freezing wraith (Lair:6)
  4 trolls
  11 polar bears
  6 hornets
  A slime creature (D:13)
  Grinder (D:4)
  15 blink frogs
  7 hippogriffs
  5 dream sheep (Lair:6)
  Sigmund (D:5)
  13 spriggans (Lair:6)
  A vampire (D:13)
  5 wraiths
  35 yaks
  5 wyverns
  3 basilisks
  7 vampire mosquitoes
  Menkaure (D:4)
  3 swamp worms (Lair:2)
  A warg (D:10)
  4 acid dragons
  A naga (Lair:3)
  A floating eye (shapeshifter) (D:15)
  8 water moccasins
  8 porcupines
  2 sky beasts
  Purgy (Sewer)
  2 black bears (Lair:6)
  An eye of draining (D:10)
  4 slaves (D:7)
  5 necrophages
  6 ice beasts
  10 orc warriors
  4 phantoms
  The ghost of Gwenloh the Skirmisher, an amateur DrMo (D:3)
  7 ogres
  23 wolves
  4 centaurs
  4 boggarts (Lair:6)
  4 crocodiles
  2 big kobolds
  12 bullfrogs
  A wyvern skeleton (D:8)
  3 scorpions
  5 killer bees (D:9)
  13 wights
  2 electric eels
  4 crimson imps
  5 howler monkeys
  A bullfrog zombie (D:13)
  7 centaur zombies
  3 hounds
  A jelly (D:8)
  8 orc priests
  3 centaur skeletons
  8 orc wizards
  2 bullfrog skeletons (D:10)
  4 iguanas
  Ijyb (D:5)
  10 worker ants
  A hound zombie (D:6)
  2 hound skeletons
  A howler monkey zombie (D:6)
  2 worker ant zombies
  Robin (D:4)
  A howler monkey skeleton (D:4)
  3 gnolls
  10 adders
  8 shadow imps
  An ooze (D:3)
  5 adder skeletons
  2 worms
  3 dart slugs
  8 leopard geckos
  44 orcs
  3 giant cockroaches
  14 goblins
  14 hobgoblins
  5 jackals
  19 kobolds
  5 quokkas
  3 ball pythons
  A ball python zombie (D:5)
  9 bats
  3 frilled lizards
  A jackal zombie (D:5)
  A quokka skeleton (D:10)
  4 rats
  5 plants (D:11)
588 creatures vanquished.

Vanquished Creatures (others)
  2 blink frogs (Lair:6)
  A sky beast (D:14)
  A goblin (D:4)
  27 fungi
  8 plants
39 creatures vanquished.

Grand Total: 627 creatures vanquished

Notes
Turn   | Place    | Note
-------+----------+-------------------------------------------
     0 | D:1      | esteth the Draconian Fire Elementalist began the quest for the Orb.
     0 | D:1      | Reached XP level 1. HP: 14/14 MP: 3/3
   110 | D:1      | Reached XP level 2. HP: 3/20 MP: 0/5
   961 | D:1      | Reached XP level 3. HP: 25/26 MP: 4/6
  1700 | D:2      | Learned a level 3 spell: Conjure Flame
  2403 | D:2      | Reached XP level 4. HP: 25/33 MP: 4/7
  2700 | D:3      | Noticed Gwenloh's ghost (amateur DrMo)
  2900 | D:3      | Found an ornate altar of the Wu Jian Council.
  3032 | D:3      | Killed Gwenloh's ghost
  3032 | D:3      | Reached XP level 5. HP: 37/38 MP: 5/8
  3041 | D:3      | Learned a level 4 spell: Sticky Flame
  3082 | D:3      | Found an ancient bone altar of Kikubaaqudgha.
  3559 | D:3      | Reached XP level 6. HP: 14/45 MP: 0/10
  3913 | D:3      | Found a burning altar of Makhleb.
  3913 | D:3      | Noticed a cacodemon
  3998 | D:4      | Noticed Robin
  4035 | D:4      | Reached skill level 5 in Fire Magic
  4047 | D:4      | Killed Robin
  4196 | D:4      | Noticed a two-headed ogre
  4264 | D:4      | Killed a two-headed ogre
  4264 | D:4      | Reached skill level 5 in Conjurations
  4264 | D:4      | Your scales start taking on a fiery red colour.
  4264 | D:4      | Reached XP level 7. HP: 50/50 MP: 2/14
  4264 | D:4      | Gained mutation: Your flesh is heat resistant. (rF+) [Red Draconian growth]
  4416 | D:4      | Reached XP level 8. HP: 57/57 MP: 15/15
  4920 | D:4      | Noticed Grinder
  4931 | D:4      | Killed Grinder
  4931 | D:4      | Reached skill level 5 in Spellcasting
  4938 | D:4      | Learned a level 5 spell: Fireball
  5112 | D:4      | Found a burning altar of Makhleb.
  5112 | D:4      | Noticed Menkaure
  5129 | D:4      | Killed Menkaure
  5259 | D:5      | Entered Level 5 of the Dungeon
  5434 | D:5      | Found a staircase to the Ecumenical Temple.
  5443 | Temple   | Entered the Ecumenical Temple
  5598 | D:5      | Noticed Sigmund
  5648 | D:5      | Found Iguege's Antique Weapon Emporium.
  6163 | D:5      | Killed Sigmund
  6238 | D:5      | Found Etza's Antique Armour Shop.
  6241 | D:5      | Bought a glowing hat for 189 gold pieces
  6342 | D:5      | Noticed Ijyb
  6354 | D:5      | Killed Ijyb
  7043 | D:6      | Found an iron altar of Okawaru.
  7065 | D:6      | Got a scorched hand axe
  7066 | D:6      | Identified the +5 hand axe "Wuoxkoys" {chop, rN+ Str+2} (You found it on level 6 of the Dungeon)
  7221 | D:6      | Reached XP level 9. HP: 57/62 MP: 18/18
  7260 | D:6      | Found a glowing drain.
  7265 | Sewer    | Entered a sewer
  7296 | Sewer    | Noticed Purgy
  7303 | Sewer    | Killed Purgy
  8281 | D:7      | Found a deep blue altar of Sif Muna.
  8377 | D:7      | Noticed Ontamu's ghost (novice DrMo)
  8386 | D:7      | Killed Ontamu's ghost
  8386 | D:7      | Reached skill level 10 in Fire Magic
  8916 | D:7      | Found a hazy altar of Hepliaklqana.
  9117 | D:7      | Noticed Pikel
  9307 | D:7      | Found a glowing silver altar of Zin.
  9467 | D:7      | Killed Pikel
  9467 | D:7      | Reached skill level 1 in Fighting
  9467 | D:7      | Reached skill level 1 in Evocations
  9467 | D:7      | Reached XP level 10. HP: 72/72 MP: 3/21
  9647 | D:7      | Found a shattered altar of Ashenzari.
  9734 | D:8      | Noticed Nattefrost's ghost (novice DrWz)
  9740 | D:8      | Noticed a two-headed ogre
  9743 | D:8      | Killed Nattefrost's ghost
  9748 | D:8      | Killed a two-headed ogre
 10515 | D:8      | Found a sacrificial altar of Ru.
 10698 | D:8      | Found an opulent altar of Gozag.
 11018 | D:9      | Noticed Erica
 11029 | D:9      | Killed Erica
 11323 | D:9      | Found a sparkling altar of Nemelex Xobeh.
 11323 | D:9      | Found a radiant altar of Vehumet.
 11328 | D:9      | Found a snail-covered altar of Cheibriados.
 11330 | D:9      | Found a faded altar of an unknown god.
 11332 | D:9      | Found a faded altar of an unknown god.
 11344 | D:9      | Became a worshipper of Vehumet
 11795 | D:10     | Entered Level 10 of the Dungeon
 11812 | D:10     | Reached skill level 5 in Fighting
 11915 | D:10     | Reached XP level 11. HP: 88/88 MP: 13/23
 12057 | D:10     | Noticed a two-headed ogre
 12061 | D:10     | Gained mutation: You are agile. (Dex +2) [potion of mutation]
 12061 | D:10     | Gained mutation: Your flesh is very heat resistant. (rF++) [potion of mutation]
 12061 | D:10     | Gained mutation: You passively map a small area around you. [potion of mutation]
 12156 | D:10     | Reached skill level 5 in Dodging
 12471 | D:10     | Reached * piety under Vehumet
 12471 | D:10     | Offered knowledge of Sting by Vehumet.
 12812 | D:10     | Found a staircase to the Orcish Mines.
 13402 | D:11     | Noticed Psyche
 13409 | D:11     | Killed Psyche
 13660 | D:11     | Noticed a two-headed ogre
 13662 | D:11     | Noticed a two-headed ogre
 13693 | D:11     | Killed a two-headed ogre
 13704 | D:11     | Killed a two-headed ogre
 13852 | D:11     | Noticed a two-headed ogre
 13887 | D:11     | Killed a two-headed ogre
 14020 | D:11     | Found a staircase to the Lair.
 14045 | D:11     | Noticed a two-headed ogre
 14079 | D:11     | Offered knowledge of Shock by Vehumet.
 14095 | D:11     | Reached ** piety under Vehumet
 14728 | Lair:1   | Entered Level 1 of the Lair of Beasts
 14748 | Lair:1   | Reached skill level 10 in Spellcasting
 14879 | Lair:1   | Learned a level 6 spell: Iron Shot
 14981 | Lair:1   | Reached skill level 1 in Earth Magic
 14990 | Lair:1   | Reached XP level 12. HP: 76/102 MP: 2/26
 15233 | Lair:1   | Noticed Harold
 15269 | Lair:1   | Killed Harold
 15928 | Lair:1   | Got a jewelled buckler
 15934 | Lair:1   | Identified the +1 buckler of Beogh's Pride {rElec rPois rN+ Str+2} (You took it off Harold on level 1 of the Lair of Beasts)
 15978 | Lair:2   | Reached skill level 1 in Shields
 16438 | Lair:2   | Found a staircase to the Swamp.
 16660 | Lair:2   | Offered knowledge of Static Discharge by Vehumet.
 17366 | Lair:3   | Found a staircase to the Snake Pit.
 17658 | Lair:3   | Reached skill level 5 in Earth Magic
 18013 | Lair:4   | Reached *** piety under Vehumet
 18410 | Lair:4   | Noticed a death yak
 18410 | Lair:4   | Noticed a death yak
 18410 | Lair:4   | Noticed a death yak
 18410 | Lair:4   | Noticed a death yak
 18411 | Lair:4   | Noticed a death yak
 18419 | Lair:4   | Noticed a death yak
 18787 | Lair:4   | Killed a death yak
 19008 | Lair:4   | Offered knowledge of Mephitic Cloud by Vehumet.
 19013 | Lair:4   | Learned a level 3 spell: Mephitic Cloud
 19100 | Lair:4   | Reached XP level 13. HP: 55/110 MP: 20/28
 19418 | Lair:3   | Reached skill level 1 in Air Magic
 19418 | Lair:3   | Reached skill level 1 in Poison Magic
 20608 | Lair:5   | Reached **** piety under Vehumet
 20776 | Lair:5   | Offered knowledge of Force Lance by Vehumet.
 21217 | Lair:6   | Entered Level 6 of the Lair of Beasts
 21712 | Lair:6   | Reached skill level 10 in Fighting
 22491 | Lair:6   | Found a viscous altar of Jiyva.
 22492 | Lair:6   | Found a staircase to the Slime Pits.
 22878 | Lair:6   | Reached skill level 5 in Poison Magic
 22886 | Lair:6   | Reached skill level 5 in Air Magic
 23415 | Lair:6   | Reached ***** piety under Vehumet
 23415 | Lair:6   | Offered knowledge of Bolt of Fire by Vehumet.
 23450 | Lair:6   | Learned a level 6 spell: Bolt of Fire
 23617 | Lair:6   | Reached XP level 14. HP: 122/122 MP: 18/29
 25260 | D:12     | Found a portal to a secret trove of treasure.
 25317 | D:12     | Found a runed door.
 25317 | D:12     | Noticed a frost giant
 25317 | D:12     | Noticed a frost giant
 27114 | D:13     | Found a gate to the Vaults.
 29203 | D:13     | Reached skill level 10 in Earth Magic
 30221 | D:14     | Noticed Louise
 31279 | D:14     | Offered knowledge of Conjure Ball Lightning by Vehumet.
 31650 | D:15     | Entered Level 15 of the Dungeon
 32092 | D:15     | Found a staircase to the Depths.
 32099 | D:15     | Reached skill level 10 in Conjurations
 32392 | D:15     | Reached XP level 15. HP: 59/130 MP: 12/30
 32419 | D:15     | Shot with an arrow by a centaur warrior

Vault maps used:
D:1:      dpeg_arrival_court, corexii_corridor_pit, roderic_cross_of_infinity
D:2:      first_bread
D:3:      lemuel_coloured_pillars_altar, overflow_temple_1_default,
          makhleb_altar_promises_db
D:4:      lemuel_tele_altar, uniq_robin, uniq_menkaure, uniq_grinder
D:5:      minmay_temple_entry_statues_fountains, serial_shops, shop,
          kennysheep_mini, uniq_sigmund, uniq_ijyb
D:6:      okawaru_ov_weapons_minmay, gup_sewer_entry_bowl
D:7:      lemuel_round_altar, lemuel_blue_sif_altar, overflow_temple_1_default,
          zin_treasury, uniq_pikel
D:8:      marbit_many_paths, nicolae_overflow_crystal_walls
D:9:      chequers_temple_overflow_minitemple, uniq_erica
D:10:     david_orc_3, grunt_ogre_cave
D:11:     dpeg_oklobed_lair, uniq_psyche
D:12:     nicolae_trove_entry_diagonal, kennysheep_treasure_room
D:13:     minmay_connected_boxes_in_corner, david_vaults_2, serial_column_ruins,
          column_ruins_corridor_straight, column_ruins_columns_dead_end,
          column_ruins_columns_dead_end, column_ruins_open_medium,
          small_chamber_with_monster
D:14:     hangedman_abyss_or_decor_stabs, serial_park_tiny_1,
          grunt_ministairs_1, minmay_misc_feat_rows, uniq_louise
D:15:     grunt_enter_depths_snipers, corexii_corridor_pit, library_closet,
          nicolae_xom_altar_mimics
Temple:   compressed_dpeg_triangle_lava_temple
Lair:1:   st_stairs_7, lemuel_fruit_fields, grunt_megastairs_3,
          serial_bayou_shore_b, uniq_harold
Lair:2:   nicolae_swamp_entry_splash_gauntlet
Lair:3:   guppyfry_snake_entry_garden
Lair:4:   beast_lair_carwin_3, lemuel_fruit_tree, grunt_megastairs_5
Lair:5:   beast_lair_carwin_2
Lair:6:   minmay_lair_end_enchanted_forest, dpeg_slime_entry_enclosed_altar,
          ice2_lemuel, infiniplex_staircase_pool_2
Sewer:    sewer_big_baddie

Skill      XL: |  1  2  3  4  5  6  7  8  9 10 11 12 13 14 |
---------------+-------------------------------------------+-----
Conjurations   | 2 3 5 7 8 10 | 10.2
Fire Magic     | 4 7 9 10 | 10.5
Spellcasting   | 3 4 6 7 8 10 11 | 11.9
Fighting       | 1 5 8 10 11 | 11.4
Dodging        | 2 4 7 |  7.0
Evocations     | 1 4 |  4.3
Earth Magic    | 1 6 8 10 | 10.7
Shields        | 4 |  4.0
Air Magic      | 5 6 |  6.8
Poison Magic   | 5 6 |  6.8
Stealth        | |  1.7

Action                   |  1- 3 |  4- 6 |  7- 9 | 10-12 | 13-15 || total
-------------------------+-------+-------+-------+-------+-------++-------
Melee: Unarmed           |    24 |       |       |       |       ||    24
       Tailslap          |     6 |    12 |    28 |    37 |    31 ||   114
       Mace              |    28 |       |       |       |       ||    28
       Spear             |       |    92 |   160 |       |       ||   252
       Hand axe          |       |       |    38 |    37 |       ||    75
       Staff             |       |       |    24 |   228 |   185 ||   437
 Cast: Flame Tongue      |    63 |    42 |   145 |   451 |   355 ||  1056
       Conjure Flame     |     3 |     4 |    13 |     3 |    13 ||    36
       Sticky Flame      |       |       |     3 |   108 |   220 ||   331
       Fireball          |       |       |     2 |     6 |    10 ||    18
       Iron Shot         |       |       |       |     2 |    46 ||    48
       Mephitic Cloud    |       |       |       |       |    17 ||    17
       Bolt of Fire      |       |       |       |       |    17 ||    17
 Abil: Breathe Fire      |       |       |     1 |     1 |       ||     2
Evoke: Wand              |       |       |       |       |     1 ||     1
  Use: Scroll            |       |     3 |     1 |     4 |       ||     8
       Potion            |       |     2 |     2 |     6 |     5 ||    15
 Stab: Sleeping          |       |     2 |     2 |       |     1 ||     5
       Distracted        |       |       |       |       |     1 ||     1
  Eat: Chunk             |     4 |     4 |     9 |    39 |    38 ||    94
       Bread ration      |     1 |       |     1 |       |     2 ||     4
       Meat ration       |       |       |     1 |     1 |     2 ||     4
       Royal jelly       |       |       |       |     1 |       ||     1
Armor: Skin              |    27 |    25 |   118 |   174 |   221 ||   565
Dodge: Dodged            |    62 |    68 |   177 |   405 |   517 ||  1229
Block: Buckler           |       |       |       |    47 |   205 ||   252

Table legend:
 A = Spawn XP
 B = Non-spawn XP
 C = Spawn XP percentage of total XP
 D = Spawn monster count
 E = Non-spawn monster count
 F = Spawn count percentage of total count
 G = Total turns spent on level
                    A         B        C        D         E        F      G
               +---------+---------+-------+---------+---------+-------+---------
         Total |       0 |  103513 |   0.0 |       0 |     581 |   0.0 | 32419
               +---------+---------+-------+---------+---------+-------+---------
           D:1 |       0 |      57 |   0.0 |       0 |      24 |   0.0 |  1647
           D:2 |       0 |      76 |   0.0 |       0 |      18 |   0.0 |  1157
           D:3 |       0 |     249 |   0.0 |       0 |      19 |   0.0 |  1116
           D:4 |       0 |    1599 |   0.0 |       0 |      29 |   0.0 |  1339
           D:5 |       0 |     469 |   0.0 |       0 |      13 |   0.0 |  1195
           D:6 |       0 |     393 |   0.0 |       0 |      19 |   0.0 |   802
           D:7 |       0 |    2753 |   0.0 |       0 |      30 |   0.0 |  2218
           D:8 |       0 |    3442 |   0.0 |       0 |      30 |   0.0 |  1253
           D:9 |       0 |    1417 |   0.0 |       0 |      11 |   0.0 |   896
          D:10 |       0 |    3580 |   0.0 |       0 |      45 |   0.0 |  1440
          D:11 |       0 |    5725 |   0.0 |       0 |      35 |   0.0 |  1465
          D:12 |       0 |    3046 |   0.0 |       0 |      31 |   0.0 |  1891
          D:13 |       0 |   17094 |   0.0 |       0 |      40 |   0.0 |  3344
          D:14 |       0 |    9478 |   0.0 |       0 |      33 |   0.0 |  1925
          D:15 |       0 |    6227 |   0.0 |       0 |      13 |   0.0 |   643
        Lair:1 |       0 |    5570 |   0.0 |       0 |      20 |   0.0 |  1225
        Lair:2 |       0 |    3336 |   0.0 |       0 |      17 |   0.0 |  1125
        Lair:3 |       0 |    4544 |   0.0 |       0 |      15 |   0.0 |  1220
        Lair:4 |       0 |    9977 |   0.0 |       0 |      27 |   0.0 |  2354
        Lair:5 |       0 |    5939 |   0.0 |       0 |      22 |   0.0 |   901
        Lair:6 |       0 |   18400 |   0.0 |       0 |      84 |   0.0 |  3008
         Sewer |       0 |     142 |   0.0 |       0 |       6 |   0.0 |   115
               +---------+---------+-------+---------+---------+-------+---------
